 Dungeon Crawl Stone Soup version 0.27.1 (webtiles) character file.

Game seed: 11207666547439244798

53 speeev33 the Skirmisher (level 3, -1/34 HPs)
             Began as a Hill Orc Fighter on Aug 28, 2021.
             Was a Believer of Trog.
             Slain by a scorpion (3 damage)
             ... on level 3 of the Dungeon.
             The game lasted 00:03:09 (1908 turns).

speeev33 the Skirmisher (Hill Orc Fighter)          Turns: 1908, Time: 00:03:10

Health: -1/34      AC:  8    Str: 19    XL:     3   Next: 89%
Magic:  3/3        EV:  7    Int:  8    God:    Trog [**....]
Gold:   76         SH:  9    Dex: 10    Spells: 2/2 levels left

rFire    . . .     SeeInvis .   a - +0 war axe
rCold    . . .     Faith    .   c - +0 kite shield
rNeg     . . .     Spirit   .   b - +0 scale mail
rPois    .         Reflect  .   (no helmet)
rElec    .         Harm     .   (no cloak)
rCorr    .         Rampage  .   k - +0 pair of gloves {archery}
Will     .....                  (no boots)
Stlth    ..........             (no amulet)
HPRegen  0.11/turn              (no ring)
MPRegen  0.08/turn              (no ring)

@: lethally poisoned (-1 -> -14)
A: no striking features
a: Renounce Religion, Berserk, Trog's Hand


You were on level 3 of the Dungeon.
You worshipped Trog.
Trog was pleased with you.
You visited 1 branch of the dungeon, and saw 3 of its levels.

You collected 241 gold pieces.
You spent 165 gold pieces at shops.

Inventory:

Hand Weapons
 a - a +0 war axe (weapon)
Armour
 b - a +0 scale mail (worn)
 c - a +0 kite shield (worn)
 k - a +0 pair of gloves of archery (worn)
Wands
 l - a wand of iceblast (12)
Scrolls
 f - a scroll of amnesia {unknown}
 g - a scroll of fog {unknown}
 j - a scroll of noise {unknown}
Potions
 d - a potion of might
 e - a potion of heal wounds {unknown}
 h - a potion of cancellation {unknown}
 i - 2 potions of degeneration {unknown}


   Skills:
 + Level 4.3 Fighting
 + Level 3.8 Axes
 - Level 3.2 Armour
 + Level 4.0 Shields


You had 2 spell levels left.
You didn't know any spells.
Your spell library was empty.

Dungeon Overview and Level Annotations

Branches:
Dungeon (3/15)

Altars:
Trog

Shops:
D:2 :*[!


Message History

You completely miss the scorpion.
The scorpion is heavily wounded.
The scorpion completely misses you. The scorpion stings you.
You are poisoned.
The scorpion poisons you!
You hit the scorpion.
The scorpion is heavily wounded.
You feel very sick.
The scorpion stings you but does no damage.
An orc comes into view. It is wielding a +0 dagger.
The scorpion stings you but does no damage.
The orc shouts!
You hit the scorpion but do no damage.
The scorpion is heavily wounded.
You feel sick.
You hear an angry hiss.
The scorpion closely misses you. The scorpion barely misses you.
You closely miss the scorpion.
The scorpion is heavily wounded.
You feel sick.
The scorpion stings you but does no damage.
You block the scorpion's attack.
You hit the scorpion but do no damage.
The scorpion is heavily wounded.
You feel sick.
The scorpion stings you but does no damage.
You closely miss the scorpion.
The scorpion is heavily wounded.
You feel sick. The scorpion stings you.
A ball python comes into view.
You block the scorpion's attack.
You hit the scorpion but do no damage.
The scorpion is heavily wounded.
You feel sick.
You are no longer poisoned.
The scorpion stings you!
* * * LOW HITPOINT WARNING * * *
You are lethally poisoned!
The scorpion poisons you! The scorpion stings you.
You die...

≈### .....
...S..####
.....rSs.#
≈.....##@###
≈.... #...#
.... ###.#
... #.# ≈≈
#.# . #.# #
#.## #. #..#
#.####.#


You could see a scorpion, 2 ball pythons and a rat.

Vanquished Creatures
  An adder (D:2)
  4 ball pythons
  4 endoplasms
  2 giant cockroaches
  6 goblins
  6 hobgoblins
  2 quokkas (D:2)
  3 bats (D:1)
  5 frilled lizards
  3 kobolds
  5 rats
41 creatures vanquished.

Notes
Turn   | Place    | Note
-------+----------+-------------------------------------------
     0 | D:1      | speeev33 the Hill Orc Fighter began the quest for the Orb.
     0 | D:1      | Reached XP level 1. HP: 19/19 MP: 1/1
   140 | D:1      | Reached XP level 2. HP: 21/27 MP: 2/2
   420 | D:1      | Found a faded altar of an unknown god.
   557 | D:1      | Became a worshipper of Trog the Wrathful
   557 | D:1      | Reached * piety under Trog
   846 | D:1      | Reached XP level 3. HP: 33/33 MP: 3/3
  1158 | D:2      | Found Ylitou's Distillery.
  1231 | D:2      | Found Soilarha's Book Shop.
  1368 | D:2      | Found Hibbe's Assorted Antiques.
  1420 | D:2      | Found Mecwiutt's Antique Armour Shop.
  1458 | D:2      | Bought a pair of glowing gloves for 165 gold pieces
  1888 | D:3      | Noticed a scorpion
  1892 | D:3      | Reached ** piety under Trog
  1908 | D:3      | Slain by a scorpion

Illustrated notes

Levels and vault maps discovered:
D:1:      nzn_arrival_water_spiral, layout_loops_ring,
          ebering_ecumenical_altar_webs
D:2:      layout_loops_ring, serial_shops, shop_coins, shop_coins, shop, shop
D:3:      cheibrodos_helix_gallery, layout_rooms,
          mainiacjoe_overflow_concentric_impassable, fedhas_altar_4,
          guppyfry_early_orc_mine

Skill      XL: |  1  2  3 |
---------------+----------+-----
Axes           | 3 |  3.8
Fighting       | 4 |  4.3
Shields        | 4 |  4.0
Armour         | |  3.2

Action                   || total
-------------------------++-------
Melee: War axe           ||   163
Armor: Scale mail        ||    83
Dodge: Dodged            ||    52
Block: Kite shield       ||    98
